 Dungeon Crawl Stone Soup version 0.22-a0-525-gf69a080 (webtiles) character file.

60 Amnesiac the Ducker (level 3, -2/16 HPs)
             Began as a Spriggan Earth Elementalist on June 21, 2018.
             Slain by a gnoll
             ... wielding a +0 spear
              (6 damage)
             ... on level 5 of the Dungeon.
             The game lasted 00:02:50 (562 turns).

Amnesiac the Ducker (Spriggan Earth Elementalist)    Turns: 562, Time: 00:02:51

Health: -2/16      AC:  2    Str:  4    XL:     3   Next: 82%
Magic:  5/8        EV: 22    Int: 17    God:
Gold:   24         SH:  0    Dex: 16    Spells: 2/8 levels left

rFire    . . .     SeeInvis +   i - +1 dagger (protect)
rCold    . . .     Gourm    .   (shield restricted)
rNeg     . . .     Faith    .   c - +0 robe
rPois    .         Spirit   .   (helmet restricted)
rElec    .         Reflect  .   (no cloak)
rCorr    .         Harm     .   (gloves unavailable)
MR       .....                  (boots unavailable)
Stlth    ++........             (no amulet)
HPRegen  0.05/turn              a - +3 ring of evasion
MPRegen  0.11/turn              (no ring)

@: very quick
A: very small, unfitting armour, see invisible, herbivore, speed 3, slow
metabolism 2
a: no special abilities


You were on level 5 of the Dungeon.
You were not hungry.

You visited 1 branch of the dungeon, and saw 5 of its levels.

You collected 24 gold pieces.

Inventory:

Hand Weapons
 i - a +1 dagger of protection (weapon)
Missiles
 b - 26 stones (quivered)
Armour
 c - a +0 robe (worn)
Jewellery
 a - a +3 ring of evasion (left hand)
Scrolls
 f - a scroll of random uselessness {!r, unknown}
 h - a scroll of teleportation {!r, unknown}
 l - a scroll of amnesia {!r, unknown}
Potions
 e - 2 potions of ambrosia {!q, unknown}
 g - a potion of lignification {!q, unknown}
 j - a potion of resistance {!q, unknown}
 k - a potion of invisibility {!q, unknown}
Comestibles
 d - 6 rations


   Skills:
 + Level 0.9 Short Blades
 + Level 3.9 Dodging
 - Level 3.0 Stealth
 + Level 3.4 Spellcasting
 - Level 1.3 Transmutations
 * Level 3.5 Earth Magic


You had 2 spell levels left.
You knew the following spells:

 Your Spells              Type           Power        Failure   Level  Hunger
a - Sandblast             Erth           ##....       4%          1    None
b - Passwall              Tmut/Erth      ##......     10%         2    ##.....
c - Stone Arrow           Conj/Erth      #.....       24%         3    ###....

Your spell library contained the following spells:

 Spells                   Type           Power        Failure   Level  Hunger
 Lee's Rapid Deconstruct  Erth           ##........   73%         5    ######.
 Petrify                  Tmut/Erth      ##......     52%         4    ####...


Dungeon Overview and Level Annotations

Branches:
Dungeon (5/15)
 Temple: D:4-7

Altars:
Zin


Innate Abilities, Weirdness & Mutations

You are very small and have problems with some larger weapons.
You are too small for most types of armour.
You have supernaturally acute eyesight. (SInv)
You are a herbivore.
You cover ground extremely quickly.
You need to consume almost no food.


Message History

The blast of sand misses the phantom.
b - 27 stones Unknown command.
Casting: Sandblast (safe; 4% risk of failure)
Confirm with . or Enter, or press ? or * to list all spells.
Aiming: Sandblast (safe; 4% risk of failure)
Press: ? - help, Shift-Dir - straight line, f/p - phantom
Aim: a phantom (moderately damaged)
The blast of sand hits the phantom.
The phantom is heavily damaged.
b - 26 stones The phantom hits you but does no damage.
Unknown command.
You open the door.
The phantom blinks!
There is an open door here.
Found a scroll labeled NOAHOW LOKA.
Found a scroll labeled VUINEA YBAS.
You open the door.
Found a glowing silver altar of Zin.
There is an open door here.
You open the door.
A worker ant comes into view.
There is an open door here.
There is a glowing silver altar of Zin here.
Which direction?
It's already closed!
Which direction?
You close the door.
You open the door.
There is an open door here.
Found a mace.
Found a stone staircase leading down.
A frilled lizard, a worker ant and an orc wizard come into view. 3 jackals, an orc and an orc priest come into view.
Found 12 bolts.
There is a stone staircase leading down here.
The jackal barks!
The frilled lizard hisses angrily.
The orc priest shouts!
The worker ant twitches its antennae in your direction.
The orc shouts!
The jackal barks!
You climb downwards.
A giant cockroach, 8 gnolls and a gnoll shaman come into view.
The gnoll shouts! x4; The gnoll shaman shouts!
The gnoll shouts!
You hear a shout!
The gnoll shaman hits you with a whip.
* * * LOW HITPOINT WARNING * * *
A gnoll comes into view. It is wielding a club.
The gnoll misses you. x2; The gnoll completely misses you.
The gnoll shouts!
Found 7 gold pieces.
There is a stone staircase leading up here.
Unknown command.
The gnoll hits you from afar with a spear.
* * * LOW HITPOINT WARNING * * *
The gnoll completely misses you. The gnoll misses you.
The gnoll completely misses you.
The gnoll shaman calls upon its god to speed up the gnoll.
The gnoll seems to speed up.
Found a ration.
Found a ration.
d - 6 rations (gained 1)
You now have 24 gold pieces (gained 11).
There is a stone staircase leading up here.
The gnoll hits you from afar with a spear.
You die...

#. #. #.#### # #....##
#.#.....## #........##
#...$.....#
#.....@.g.####
#..>>........##
##........###.#########
##......## ##.g.g.....
##....## ##...###..
##...# #....%... ###.#
#...###.. ##. #....#
##. # #...... ...


You could see a gnoll.

Vanquished Creatures
  A centaur skeleton (D:5)
  2 adders (D:4)
  An orc (D:4)
  A giant cockroach (D:2)
  A hobgoblin (D:2)
  3 jackals (D:2)
  A kobold (D:1)
  2 ball pythons
12 creatures vanquished.

Vanquished Creatures (others)
  6 toadstools (D:3)
6 creatures vanquished.

Grand Total: 18 creatures vanquished

Notes
Turn   | Place    | Note
-------+----------+-------------------------------------------
     0 | D:1      | Amnesiac the Spriggan Earth Elementalist began the quest for the Orb.
     0 | D:1      | Reached XP level 1. HP: 9/9 MP: 5/5
   268 | D:2      | Reached XP level 2. HP: 12/13 MP: 6/6
   273 | D:2      | Learned a level 2 spell: Passwall
   440 | D:4      | Reached XP level 3. HP: 15/16 MP: 4/8
   457 | D:4      | Learned a level 3 spell: Stone Arrow
   462 | D:5      | Entered Level 5 of the Dungeon
   462 | D:5      | Noticed a phantom
   507 | D:4      | Found a glowing silver altar of Zin.
   562 | D:5      | Slain by a gnoll

Vault maps used:
D:1:      saegor_arrival_simple_b
D:2:      uniq_sigmund
D:3:      cheibrodos_fertilizer, hangedman_decor_points
D:4:      kennysheep_mini_moat, kennysheep_slug_shrine, uniq_grinder
D:5:      first_ration

Skill      XL: |  1  2 |
---------------+-------+-----
Earth Magic    | 3 |  3.5
Spellcasting   | 3 |  3.4
Short Blades   | |  0.9
Dodging        | |  3.9
Stealth        | |  3.0
Transmutations | |  1.3

Action                   || total
-------------------------++-------
Melee: Dagger            ||    47
 Cast: Sandblast         ||    18
 Stab: Sleeping          ||     1
Armor: Robe              ||     8
Dodge: Dodged            ||    70

Table legend:
 A = Spawn XP
 B = Non-spawn XP
 C = Spawn XP percentage of total XP
 D = Spawn monster count
 E = Non-spawn monster count
 F = Spawn count percentage of total count
 G = Total turns spent on level
                    A         B        C        D         E        F      G
               +---------+---------+-------+---------+---------+-------+---------
         Total |       0 |      87 |   0.0 |       0 |      12 |   0.0 |   562
               +---------+---------+-------+---------+---------+-------+---------
           D:1 |       0 |       2 |   0.0 |       0 |       1 |   0.0 |   147
           D:2 |       0 |      12 |   0.0 |       0 |       6 |   0.0 |   193
           D:3 |       0 |       1 |   0.0 |       0 |       1 |   0.0 |    31
           D:4 |       0 |      29 |   0.0 |       0 |       3 |   0.0 |   147
           D:5 |       0 |      43 |   0.0 |       0 |       1 |   0.0 |    44
               +---------+---------+-------+---------+---------+-------+---------
